 Dungeon Crawl Stone Soup version 0.28-a0-461-g2dc4ca5097 (webtiles) character file.

Game seed: 112606300517031862

1420 robertstho the Magician (level 9, -4/61 HPs)
             Began as a Djinni Fire Elementalist on Sept 13, 2021.
             Was an Initiate of Gozag.
             Killed from afar by a white imp (13 damage)
             ... with a puff of frost
             ... on level 6 of the Dungeon.
             The game lasted 00:08:35 (6565 turns).

robertstho the Magician (Djinni Fire Elementalist)  Turns: 6565, Time: 00:08:36

Health: -4/61      AC:  2    Str:  7    XL:     9   Next: 2%
Gold:   585        EV: 13    Int: 23    God:    Gozag SH:  0 Dex: 21

rFire   + + .      SeeInvis .   b - +0 dagger
rCold   x . .      Faith    .   (no shield)
rNeg    + . .      Spirit   .   a - +0 robe
rPois   ∞          Reflect  .   (no helmet)
rElec   .          Harm     .   (no cloak)
rCorr   .          Rampage  .   (no gloves)
Will    .....                   (boots unavailable)
Stlth   +++.......              (no amulet)
HPRegen 0.20/turn               m - +6 ring of dexterity
MPRegen 0.00/turn               k - ring of Koji {rPois rN+ Int+4 Slay+3 Stlth+}

@: flying
A: sickness immunity, fire resistance 2, cold vulnerability 1, float, innate
caster, hp casting, extra vitality 1
a: Renounce Religion, Potion Petition, Call Merchant, Bribe Branch


You were on level 6 of the Dungeon.
You worshipped Gozag.
Gozag was pleased with you.
You visited 1 branch of the dungeon, and saw 6 of its levels.

You collected 1015 gold pieces.
You spent 430 gold pieces at shops.

Inventory:

Hand Weapons
 b - a +0 dagger (weapon)
 c - a +0 scimitar of holy wrath
Armour
 a - a +0 robe (worn)
Jewellery
 d - a ring of resist corrosion
 k - the ring of Koji (right hand) {rPois rN+ Int+4 Slay+3 Stlth+}
   (You bought it in a shop on level 3 of the Dungeon)

   [ring of positive energy]

   Int:       It affects your intelligence (+4).
   Slay:      It affects your accuracy & damage with ranged weapons and melee
   (+3).
   rPois:     It protects you from poison.
   rN:        It protects you from negative energy.
   Stlth:     It makes you more stealthy.
 m - a +6 ring of dexterity (left hand)
Wands
 g - a wand of iceblast (9)
 i - a wand of digging (10)
 s - a wand of flame (18)
Scrolls
 e - a scroll of enchant weapon {unknown}
 l - a scroll of fog
 n - 3 scrolls of identify
 r - a scroll of vulnerability {unknown}
Potions
 f - 2 potions of haste
 h - 2 potions of mutation
 j - a potion of heal wounds {unknown}
 o - 2 potions of flight {unknown}
 p - 3 potions of lignification {unknown}
 q - a potion of cancellation {unknown}
 t - a potion of might {unknown}


   Skills:
 * Level 3.3 Fighting
 + Level 2.5 Dodging
 + Level 2.3 Stealth
 * Level 7.7 Spellcasting


You had one spell level left.
You knew the following spells:

 Your Spells              Type           Power      Damage    Failure   Level
a - Foxfire               Conj/Fire      100%       2x1d9     1%          1
b - Scorch                Fire           88%        2d9       1%          2
c - Conjure Flame         Conj/Fire      44%        6-21      1%          3
d - Inner Flame           Hex/Fire       44%        N/A       1%          3
e - Flame Wave            Conj/Fire      44%        3d9       3%          4
f - Summon Small Mammal   Summ           100%       N/A       1%          1
g - Slow                  Hex            44%        N/A       1%          2
h - Summon Guardian Gole  Hex/Summ       44%        N/A       1%          3
i - Spider Form           Tmut/Pois      22%        N/A       1%          3
Your spell library was empty.

Dungeon Overview and Level Annotations

Branches:
Dungeon (6/15)
 Temple: D:4-7

Altars:
Gozag
Kikubaaqudgha
Makhleb
Ru

Shops:
D:3 *


Innate Abilities, Weirdness & Mutations

You are immune to sickness and miasma.
You are immune to poison.
Your flesh is very heat resistant. (rF++)
You are vulnerable to cold. (rC-)
You float through the air rather than walking.
You learn spells naturally, not from books.
Your magical power is your life essence.
You have superior vitality. (+4 HP)


Message History

A jelly is nearby!
A jelly is nearby!
Casting: Scorch (safe; 1% risk of failure)
Confirm with . or Enter, or press ? or * to list all spells.
Flames lash the jelly.
The jelly quivers.
The jelly is severely wounded.
The jelly's fire resistance burns away.
Something shouts, "Go and return not, thou hateful wibble-sucking scavenger!"
Casting: Scorch (safe; 1% risk of failure)
Confirm with . or Enter, or press ? or * to list all spells.
Flames lash the jelly.
The jelly is burned terribly!
You kill the jelly!
Unknown command.
A white imp comes into view.
A white imp is nearby!
A white imp is nearby!
A white imp is nearby!
The white imp gestures at you. The puff of frost hits you!
You feel a terrible chill!
Casting: Scorch (safe; 1% risk of failure)
Confirm with . or Enter, or press ? or * to list all spells.
Nothing appears to happen.
The white imp gestures at you. The puff of frost hits you!
You feel a terrible chill!
* * * LOW HITPOINT WARNING * * *
Casting: Scorch (safe; 1% risk of failure)
Confirm with . or Enter, or press ? or * to list all spells.
Nothing appears to happen.
* * * LOW HITPOINT WARNING * * *
Casting: Scorch (safe; 1% risk of failure)
Confirm with . or Enter, or press ? or * to list all spells.
Flames lash the white imp.
The white imp is burned terribly!
The white imp is almost dead.
The white imp's fire resistance burns away.
* * * LOW HITPOINT WARNING * * *
The white imp gestures at you. The puff of frost hits you!
You feel a terrible chill!
You die...
Your body crumbles into a pile of gold.

#...# #...# #...# # #
#...# #.#> .# .
###...#####.#.### .# ..
..............#.$
..#...
......<.......#.##.5...
...............$.$$#
###...#######..$@..#
#...# #.#.##.# #...#
#...# # #...## #..##
#....# ###..###.#
#....# #..<.....#
#....####.##.##.#.#
#####.##...........
#........)######## .


You could see a white imp (combustible).

Vanquished Creatures
  Sigmund (D:4)
  A water moccasin (D:3)
  A hornet zombie (D:5)
  2 black bears
  2 ogres
  A necrophage (D:4)
  A phantom (D:5)
  A scorpion (D:3)
  A water moccasin skeleton (D:5)
  A hound (D:5)
  A centaur zombie (D:5)
  A jelly (D:6)
  A bullfrog skeleton (D:5)
  2 centaur skeletons
  Terence (D:3)
  2 iguanas (D:5)
  Ijyb (D:4)
  6 adders
  2 shadow imps
  2 white imps (D:5)
  3 ufetubi (D:6)
  A worm (D:3)
  5 dart slugs
  4 orcs (D:3)
  5 ball pythons
  8 endoplasms
  9 giant cockroaches
  8 goblins
  5 hobgoblins
  3 jackals (D:2)
  4 kobolds
  2 quokkas (D:2)
  6 bats
  5 frilled lizards
  3 rats (D:3)
102 creatures vanquished.

Vanquished Creatures (others)
  302 foxfires
302 creatures vanquished.

Grand Total: 404 creatures vanquished

Notes
Turn   | Place    | Note
-------+----------+-------------------------------------------
     0 | D:1      | robertstho the Djinni Fire Elementalist began the quest for
                  | the Orb.
     0 | D:1      | Reached XP level 1. HP: 15/15 MP: 0/0
   130 | D:1      | Found a faded altar of an unknown god.
   133 | D:1      | Reached XP level 2. HP: 13/22 MP: 0/0
   352 | D:1      | Became a worshipper of Gozag Ym Sagoz the Greedy
   802 | D:1      | Reached skill level 3 in Spellcasting
   802 | D:1      | Reached XP level 3. HP: 21/26 MP: 0/0
   802 | D:1      | Learned a level 1 spell: Summon Small Mammal
  1300 | D:1      | Reached skill level 1 in Fighting
  1533 | D:2      | Found a burning altar of Makhleb.
  2287 | D:2      | Reached XP level 4. HP: 25/32 MP: 0/0
  3251 | D:3      | Noticed a water moccasin
  3259 | D:3      | Killed a water moccasin
  3260 | D:3      | Reached skill level 4 in Spellcasting
  3260 | D:3      | Reached XP level 5. HP: 18/37 MP: 0/0
  3260 | D:3      | Learned a level 2 spell: Slow
  3571 | D:3      | Found Egir Pisous's Assorted Antiques.
  3583 | D:3      | Reached XP level 6. HP: 28/43 MP: 0/0
  3687 | D:3      | Bought a runed scimitar for 126 gold pieces
  3687 | D:3      | Bought a bound platinum ring for 90 gold pieces
  3687 | D:3      | Identified the ring of Koji {rPois rN+ Int+4 Slay+3 Stlth+}
                  | (You bought it in a shop on level 3 of the Dungeon)
  3687 | D:3      | Bought a scroll of identify for 36 gold pieces
  3687 | D:3      | Bought a potion of curing for 54 gold pieces
  3687 | D:3      | Bought a lead wand for 72 gold pieces
  3687 | D:3      | Bought a scroll of identify for 36 gold pieces
  3687 | D:3      | Bought a yellow potion for 16 gold pieces
  3788 | D:3      | Found a burning altar of Makhleb.
  3831 | D:3      | Noticed an ogre
  3846 | D:3      | Killed an ogre
  3847 | D:3      | Reached skill level 5 in Spellcasting
  3884 | D:3      | Noticed Terence
  3892 | D:3      | Killed Terence
  4011 | D:3      | Reached XP level 7. HP: 38/49 MP: 0/0
  4011 | D:3      | Learned a level 3 spell: Summon Guardian Golem
  4576 | D:4      | Noticed Ijyb
  4583 | D:4      | Killed Ijyb
  4649 | D:4      | Noticed Sigmund
  4655 | D:4      | Killed Sigmund
  4826 | D:4      | Reached skill level 6 in Spellcasting
  4826 | D:4      | Reached XP level 8. HP: 41/55 MP: 0/0
  5264 | D:5      | Entered Level 5 of the Dungeon
  6012 | D:5      | Found a sacrificial altar of Ru.
  6041 | D:5      | Reached skill level 7 in Spellcasting
  6518 | D:6      | Noticed a +0 spear
  6519 | D:6      | Noticed a +0 dagger
  6519 | D:6      | Noticed a +0 falchion
  6519 | D:6      | Noticed a +0 spear
  6521 | D:6      | Noticed a +0 short sword
  6521 | D:6      | Noticed a +0 short sword
  6521 | D:6      | Noticed a +0 dagger
  6522 | D:6      | Noticed a +0 falchion
  6542 | D:6      | Reached XP level 9. HP: 42/61 MP: 0/0
  6542 | D:6      | Learned a level 3 spell: Spider Form
  6565 | D:6      | Killed from afar by a white imp

Illustrated notes

Levels and vault maps discovered:
D:1:      minmay_arrival_nine_rooms, layout_basic,
          hellmonk_ecumenical_altar_pennies_from_heaven
D:2:      minmay_general_purpose_star, layout_loops_corners, basic_altar,
          roderic_roman_lattice, minivault_5, serial_bayou_pond_d
D:3:      layout_rooms, amcnicky_altar_gilded, serial_shops,
          nicolae_diamond_shop, uniq_terence
D:4:      layout_loops_cross, minivault_24, uniq_sigmund, uniq_ijyb
D:5:      layout_gridville, mainiacjoe_overflow_six_doors_small,
          nicolae_ru_the_path_less_chosen
D:6:      layout_loops_cross, nicolae_uskayaw_en_pointe

Skill      XL: |  1  2  3  4  5  6  7  8 |
---------------+-------------------------+-----
Spellcasting   | 3 4 5 6 7 |  7.7
Fighting       | 1 2 3 |  3.3
Stealth        | 2 |  2.3
Dodging        | |  2.5

Action                   |  1- 3 |  4- 6 |  7- 9 || total
-------------------------+-------+-------+-------++-------
Melee: Dagger            |       |     1 |       ||     1
 Cast: Foxfire           |    90 |    59 |    43 ||   192
       Scorch            |     6 |    17 |    70 ||    93
       Summon Guardian G |       |       |     1 ||     1
  Use: Scroll            |       |     5 |     1 ||     6
       Potion            |       |       |     4 ||     4
Armor: Robe              |     5 |     2 |     5 ||    12
Dodge: Dodged            |    10 |    11 |    10 ||    31

Table legend: (Time is in decaauts)
 A = Elapsed time spent in this place.
 B = Non-inter-level travel time spent in this place.
 C = Inter-level travel time spent in this place.
 D = Time resting spent in this place.
 E = Time spent auto-exploring this place.
 F = Levels seen in this place.
 G = Mean time per level.
                   A        B        C        D        E       F      G
               +--------+--------+--------+--------+--------+-----+--------+
         Total |   6543 |   6424 |    119 |    182 |   5502 |   6 | 1090.5 |
       Dungeon |   6543 |   6424 |    119 |    182 |   5502 |   6 | 1090.5 |
               +--------+--------+--------+--------+--------+-----+--------+

Top non-repeatable levels by time:
     D:2: 1705 daAuts
     D:1: 1507 daAuts
     D:3: 1145 daAuts
     D:4: 1085 daAuts
     D:5: 847 daAuts
     D:6: 250 daAuts
